 Dungeon Sprint DCSS version 0.31-a0-851-g7ff8af7976 (webtiles) character file.

Game seed: 13074060583284315516

947 sircluck the Grappler (level 7, -1/121 HPs)
             Began as a Troll Berserker on Oct 6, 2023.
             Was an Elder of Trog.
             Succumbed to a hornet's poison
             ... in the Dungeon (Sprint IX: "|||||||||||||||||||||||||||||").
             The game lasted 00:01:17 (117 turns).

sircluck the Grappler (Troll Berserker)              Turns: 117, Time: 00:01:18

Health: -1/121     AC:  6    Str: 28    XL:     7   Next: 89%
Magic:  6/6        EV: 13    Int:  3    God:    Trog [****..]
Gold:   0          SH:  0    Dex: 12    Spells: 6/6 levels left

rFire   . .          .
                       - Unarmed
rCold   . . .        (no shield)
rNeg    . . .        a - +0 animal skin
rPois   .            (helmet restricted)
rElec   .            (no cloak)
rCorr   .            (gloves unavailable)
SInv    .            (boots unavailable)
Will    .....        (no amulet) Stlth
                     j - +3 ring of dexterity
HPRegen 1.20/turn    k - +2 ring of protection
MPRegen 0.10/turn

%: no teleportation
@: berserking (expiring), lethally poisoned (-1 -> -7), slowed
A: large, unfitting armour, claws 3, regeneration 1, shaggy fur 1, tough skin 1
a: Renounce Religion, Berserk, Trog's Hand, Brothers in Arms


You were in the Dungeon.
You worshipped Trog.
Trog was greatly pleased with you.
You visited 1 branch

Inventory:

Armour
 a - a +0 animal skin (worn)
Jewellery
 j - a +3 ring of dexterity (left claw)
 k - a +2 ring of protection (right claw)
Wands
 i - a wand of light (10)
Scrolls
 g - 2 scrolls of blinking
Potions
 b - 5 potions of curing
 c - 3 potions of heal wounds
 d - a potion of haste
 e - 4 potions of magic
 f - a potion of berserk rage
 h - a potion of invisibility


   Skills:
 + Level 8.9 Fighting
 + Level 8.8 Dodging
 + Level 10.5 Unarmed Combat


You had 6 spell levels left.
You didn't know any spells.
Your spell library was empty.

Dungeon Overview and Level Annotations

Branches:
Dungeon (1/1)

Altars:
Cheibriados
Dithmenos
Elyvilon
Fedhas
Gozag
Hepliaklqana
Kikubaaqudgha
Makhleb
Nemelex Xobeh
Okawaru
Qazlal
Ru
Sif Muna
Trog
Uskayaw
Vehumet
Wu Jian
Xom
Yredelemnul
Zin
The Shining One
Jiyva
Lugonu


Innate Abilities, Weirdness & Mutations

You are too large for most types of armour.
You have claws for hands.
Your natural rate of healing is unusually fast.
You are covered in fur. (AC +1)
You have tough skin. (AC +1)


Message History

The hornet barely misses you.
You scratch the hornet but do no damage.
The hornet is severely wounded.
You feel very sick.
The hornet stings you but does no damage.
You barely miss the hornet.
The hornet is heavily wounded.
You feel very sick. The hornet closely misses you.
You scratch the hornet.
The hornet is severely wounded.
You feel very sick. The hornet misses you.
You claw the hornet!
You kill the hornet!
Trog accepts your kill.
You feel sick.
Your Fighting skill increases to level 8!
Your Dodging skill increases to level 8!
You have reached level 7!
Unknown command.
You closely miss the kobold brigand.
You feel very sick.
The kobold brigand hits you but does no damage.
You claw the kobold brigand! You claw the kobold brigand!!
You feel the power of Trog in you as your rage grows.
You kill the kobold brigand!
Trog accepts your kill.
You can now call in reinforcements.
You feel sick.
Your Unarmed Combat skill increases to level 10!
You completely miss the hornet.
You feel sick. The hornet stings you!
* * * LOW HITPOINT WARNING * * *
You are lethally poisoned!
You feel as though you will be slow longer.
You eviscerate the hornet!!!
You kill the hornet!
Trog accepts your kill.
* * * LOW HITPOINT WARNING * * *
You feel very sick.
You die...

▓.▓
▓.▓
▓.▓
▓.▓
▓.▓
▓.▓
▓†▓
▓†▓
▓@▓
▓[▓
▓[▓
▓[▓
▓.▓
▓)▓
▓?▓
▓.▓
▓'▓


There were no monsters in sight!

Vanquished Creatures
  2 hornets (D)
  A yak (D)
  A kobold brigand (D)
  A howler monkey (D)
  A jelly (D)
  A sleepcap (D)
  A gnoll (D)
  An adder (D)
  A goblin (D)
  A jackal (D)
  A ball python (D)
  2 bats (D)
  A rat (D)
15 creatures vanquished.

Vanquished Creatures (collateral kills)
  A troll (D)
1 creature vanquished.

Grand Total: 16 creatures vanquished

Notes
Turn   | Place    | Note
-------+----------+-------------------------------------------
     0 | D        | sircluck the Troll Berserker began the quest for the Orb.
     0 | D        | Reached XP level 1. HP: 22/22 MP: 0/0
    12 | D        | Reached ** piety under Trog
    23 | D        | Noticed a jelly
    23 | D        | Noticed a sleepcap
    27 | D        | Killed a sleepcap
    28 | D        | Reached skill level 4 in Unarmed Combat
    28 | D        | Reached XP level 2. HP: 32/32 MP: 1/1
    28 | D        | Reached XP level 3. HP: 39/39 MP: 2/2
    30 | D        | Reached *** piety under Trog
    35 | D        | Reached skill level 5 in Unarmed Combat
    35 | D        | Reached XP level 4. HP: 49/49 MP: 3/3
    44 | D        | Found a snail-covered altar of Cheibriados.
    44 | D        | Found a shadowy altar of Dithmenos.
    44 | D        | Found a white marble altar of Elyvilon.
    44 | D        | Found a blossoming altar of Fedhas.
    44 | D        | Found an opulent altar of Gozag.
    45 | D        | Found a hazy altar of Hepliaklqana.
    46 | D        | Found a viscous altar of Jiyva.
    47 | D        | Found an ancient bone altar of Kikubaaqudgha.
    48 | D        | Found a corrupted altar of Lugonu.
    49 | D        | Found a burning altar of Makhleb.
    50 | D        | Found a sparkling altar of Nemelex Xobeh.
    51 | D        | Found an iron altar of Okawaru.
    52 | D        | Found a stormy altar of Qazlal.
    53 | D        | Found a sacrificial altar of Ru.
    54 | D        | Found a shimmering blue altar of Sif Muna.
    55 | D        | Found a bloodstained altar of Trog.
    56 | D        | Found a hide-covered altar of Uskayaw.
    57 | D        | Found a radiant altar of Vehumet.
    58 | D        | Found an ornate altar of the Wu Jian Council.
    59 | D        | Found a shimmering altar of Xom.
    60 | D        | Found a basalt altar of Yredelemnul.
    61 | D        | Found a glowing silver altar of Zin.
    62 | D        | Found a glowing golden altar of the Shining One.
    88 | D        | Noticed a hornet
    88 | D        | Noticed a kobold brigand
    88 | D        | Noticed a hornet
    88 | D        | Noticed a yak
    88 | D        | Noticed a troll
    90 | D        | Reached **** piety under Trog
    91 | D        | Reached skill level 5 in Fighting
    91 | D        | Reached skill level 5 in Dodging
    91 | D        | Reached skill level 6 in Unarmed Combat
    96 | D        | Killed a troll
    97 | D        | Reached skill level 8 in Unarmed Combat
    97 | D        | Reached XP level 5. HP: 31/62 MP: 4/4
    97 | D        | Reached XP level 6. HP: 35/71 MP: 5/5
   103 | D        | Killed a yak
   104 | D        | Reached skill level 9 in Unarmed Combat
   112 | D        | Killed a hornet
   113 | D        | Reached XP level 7. HP: 20/80 MP: 6/6
   115 | D        | Reached skill level 10 in Unarmed Combat
   115 | D        | HP: 4/121 [hornet (13)]
   116 | D        | Killed a hornet
   116 | D        | HP: 1/121 [poisoned by a hornet]
   117 | D        | Succumbed to a hornet's poison

Illustrated notes

Levels and vault maps discovered:
D:        linesprint [early_d, line_temple, items_1, d_10, items_2, lair_1,
          lair_end, items_3, orc_1, orc_end, items_4, d_15, swamp_1, shoals_1,
          snake_1, spider_1, d_20, vaults_1, items_5, swamp_end, shoals_end,
          snake_end, spider_end, vaults_end, d_27, items_6, zot_1, zot_end,
          crypt_end, forest_end, elf_end, slime_end, tomb_end, abyss_end,
          pan_hell_end]

Skill      XL: |  1  2  3  4  5  6  7 |
---------------+----------------------+-----
Fighting       | 3 4 7 8 |  8.9
Dodging        | 3 4 6 8 |  8.8
Unarmed Combat | 4 5 8 9 10 | 10.5

Action                     |  1- 3 |  4- 6 |  7- 9 || total
---------------------------+-------+-------+-------++-------
  Melee: Unarmed           |    24 |    20 |     4 ||    48
         Punch             |     1 |       |     1 ||     2
 Invoke: Brothers in Arms  |       |     1 |       ||     1
         Berserk           |       |     1 |       ||     1
 Armour: Animal skin       |    10 |    14 |     2 ||    26
  Dodge: Dodged            |    13 |    12 |       ||    25

Table legend: (Time is in decaauts)
 A = Elapsed time spent in this place.
 B = Non-inter-level travel time spent in this place.
 C = Inter-level travel time spent in this place.
 D = Time resting spent in this place.
 E = Time spent auto-exploring this place.
 F = Levels seen in this place.
 G = Mean time per level.
                   A        B        C        D        E       F      G
               +--------+--------+--------+--------+--------+-----+--------+
         Total |    108 |    108 |      0 |      0 |      0 |   1 |  108.0 |
       Dungeon |    108 |    108 |      0 |      0 |      0 |   1 |  108.0 |
               +--------+--------+--------+--------+--------+-----+--------+

Top non-repeatable levels by time:
       D: 108 daAuts
